 Dungeon Crawl Stone Soup version 0.26.1-11-gd32895ea62 (webtiles) character file.

Game seed: 6534991598293159155

1456 infcreate the Covered (level 8, -5/52 HPs)
             Began as a Gargoyle Fighter on May 17, 2021.
             Was a Believer of Okawaru.
             Killed from afar by Maggie (24 damage)
             ... with a bolt of fire
             ... on level 6 of the Dungeon.
             The game lasted 00:16:13 (6153 turns).

infcreate the Covered (Gargoyle Fighter)            Turns: 6153, Time: 00:16:13

Health: -5/52      AC: 23    Str: 21    XL:     8   Next: 76%
Magic:  10/10      EV:  9    Int: 15    God:    Okawaru [**....]
Gold:   227        SH: 12    Dex: 10    Spells: 7/7 levels left

rFire    . . .     SeeInvis .   w - +3 mace (freeze)
rCold    . . .     Faith    .   c - +0 kite shield
rNeg     + . .     Spirit   .   s - +0 chain mail
rPois    ∞         Reflect  .   (no helmet)
rElec    +         Harm     .   q - +0 cloak
rCorr    .         Rampage  .   p - +0 pair of gloves
Will     .....                  t - +1 pair of boots
Stlth    ..........             (no amulet)
HPRegen  0.17/turn              I - +6 ring of intelligence
MPRegen  0.12/turn              (no ring)

@: heroism, mesmerised
A: negative energy resistance 1, electricity resistance, unbreathing,
petrification resistance, miasma immunity, AC +5
a: Renounce Religion, Heroism


You were on level 6 of the Dungeon.
You worshipped Okawaru.
Okawaru was pleased with you.
You visited 2 branches of the dungeon, and saw 7 of its levels.

You collected 227 gold pieces.


Innate Abilities, Weirdness & Mutations

You are resistant to torment.
Your stone body is resilient. (AC +5)
You are immune to poison.
You resist negative energy. (rN+)
You are resistant to electric shocks. (rElec)
You can survive without breathing.
You are immune to petrification.
You are immune to miasma.


   Skills:
 + Level 6.4(11.4) Fighting
 + Level 5.2(10.2) Maces & Flails
 + Level 6.4(11.4) Armour
 + Level 6.4(11.4) Shields
 + Level 3.2 Invocations


You had 7 spell levels left.
You didn't know any spells.
Your spell library was empty.

Inventory:

Hand Weapons
 w - a +3 mace of freezing (weapon)
Missiles
 o - 2 throwing nets (quivered) {=f}
Armour
 c - a +0 kite shield (worn)
 p - a +0 pair of gloves (worn)
 q - a +0 cloak (worn)
 s - a +0 chain mail (worn)
 t - a +1 pair of boots (worn)
Jewellery
 C - an uncursed ring of ice
 I - a +6 ring of intelligence (left hand)
Wands
 v - a wand of flame (26)
 x - a wand of paralysis (20)
Scrolls
 b - a scroll of amnesia {unknown}
 e - 6 scrolls of teleportation {@r4}
 f - 6 scrolls of identify {@r1}
 h - a scroll of enchant armour
 i - a scroll of enchant weapon {unknown}
 j - a scroll of fear {unknown}
 l - a scroll of immolation {unknown}
 n - 2 scrolls of remove curse {@r2}
 y - a scroll of magic mapping {unknown}
 E - a scroll of holy word {unknown}
Potions
 d - 2 potions of might
 g - a potion of haste {unknown}
 k - 2 potions of berserk rage {unknown}
 m - 2 potions of attraction {unknown}
 u - a potion of resistance {unknown}
 z - a potion of brilliance {unknown}
 A - a potion of degeneration {unknown}
 B - a potion of magic {unknown}
 D - a potion of ambrosia {unknown}

Dungeon Overview and Level Annotations

Branches:
Dungeon (6/15)             Temple (1/1) D:4

Altars:
Ashenzari
Cheibriados
Dithmenos
Elyvilon
Fedhas
Gozag
Hepliaklqana
Kikubaaqudgha
Makhleb
Okawaru
Qazlal
Sif Muna
Vehumet
Xom
Zin
The Shining One

Shops:
D:5 ?

Annotations:
D:6 Maggie

# #.# # # #.#
#########... # #)##
#........... # #..#
##........... #
##.###.......###.# #
###.....>.....#
####.............#
....(=†####....#####.##.#
####.### #....)@@F......
####.# #...#####......
.....# ##### .###. ######
#


You could see Maggie (mesmerising) and a bullfrog.


Message History

You barely miss Maggie.
Maggie is moderately wounded.
Maggie casts a spell.
Maggie draws you further into her thrall.
You hit Maggie. You freeze Maggie.
Maggie is moderately wounded.
Maggie zaps a wand.
You resist with some effort.
You hit Maggie. You freeze Maggie.
Maggie is moderately wounded.
Maggie closely misses you.
You closely miss Maggie.
Maggie is moderately wounded.
You thump Maggie! You freeze Maggie.
Maggie is severely wounded.
Maggie zaps a wand.
You suddenly lose the ability to move!
Maggie hits you but does no damage. Maggie hits you with a +0 glaive.
* * * LOW HITPOINT WARNING * * *
Maggie hits you but does no damage.
Maggie casts a spell.
Maggie draws you further into her thrall.
You can move again.
You closely miss Maggie.
Maggie is severely wounded.
Maggie hits you but does no damage.
You hit Maggie. You freeze Maggie.
Maggie is severely wounded.
Maggie points at you and mumbles some strange words.
The bolt of fire hits you!!
You die...

Skill      XL: |  1  2  3  4  5  6  7  8 |
---------------+-------------------------+-----
Shields        | 4 5 6 |  6.4
Fighting       | 4 5 6 |  6.4
Armour         | 4 5 6 |  6.4
Maces & Flails | 3 4 5 |  5.2
Invocations    | 1 3 |  3.2

Action                   |  1- 3 |  4- 6 |  7- 9 || total
-------------------------+-------+-------+-------++-------
Melee: Flail             |   111 |    30 |       ||   141
       Mace              |       |   212 |   329 ||   541
Invok: Heroism           |       |       |     1 ||     1
  Use: Scroll            |       |     4 |     1 ||     5
Armor: Scale mail        |    50 |    17 |       ||    67
       Chain mail        |       |   133 |   198 ||   331
Dodge: Dodged            |    38 |    54 |    61 ||   153
Block: Kite shield       |    52 |   115 |   173 ||   340

Levels and vault maps discovered:
D:1:      dpeg_arrival_shelter, layout_basic
D:2:      layout_basic, uniq_crazy_yiuf_cottage
D:3:      layout_basic, serial_forest, infiniplex_forest_end_2,
          infiniplex_forest_lined_3_way, infiniplex_forest_straight_3,
          infiniplex_forest_zigzag_2, infiniplex_forest_clump_tiny, uniq_jessica
D:4:      layout_loops_ring, minmay_temple_entry_fiery, fedhas_altar_2
D:5:      layout_basic, vehumet_altar_wand_db, serial_shops,
          nicolae_shop_statue_plus, chequers_serial_rivers_micro_a
D:6:      layout_loops_ring, general_overflow_altar, nicolae_ru_path_of_blood,
          uniq_blork_the_orc, uniq_maggie, uniq_sigmund
Temple:   dpeg_chambers_temple

Notes
Turn   | Place    | Note
-------+----------+-------------------------------------------
     0 | D:1      | infcreate the Gargoyle Fighter began the quest for the Orb.
     0 | D:1      | Reached XP level 1. HP: 14/14 MP: 1/1
    59 | D:1      | Reached XP level 2. HP: 18/19 MP: 2/2
   576 | D:2      | Reached XP level 3. HP: 23/24 MP: 3/3
   912 | D:1      | Reached XP level 4. HP: 5/29 MP: 4/4
  1189 | D:1      | Reached skill level 4 in Shields
  1360 | D:2      | Reached skill level 4 in Fighting
  1360 | D:2      | Reached skill level 4 in Armour
  1433 | D:2      | Found a runed translucent door.
  1434 | D:2      | Noticed Crazy Yiuf
  1956 | D:2      | Killed Crazy Yiuf
  1957 | D:2      | Reached skill level 3 in Maces & Flails
  1957 | D:2      | Reached XP level 5. HP: 28/33 MP: 5/5
  2648 | D:3      | Noticed Jessica
  2662 | D:3      | Killed Jessica
  3234 | D:3      | Reached XP level 6. HP: 13/39 MP: 6/6
  3563 | D:4      | Found a blossoming altar of Fedhas.
  4146 | D:4      | Reached skill level 5 in Fighting
  4146 | D:4      | Reached skill level 5 in Shields
  4284 | D:4      | Reached skill level 5 in Armour
  4284 | D:4      | Reached XP level 7. HP: 38/44 MP: 7/7
  4347 | D:4      | Found a staircase to the Ecumenical Temple.
  4355 | Temple   | Entered the Ecumenical Temple
  4576 | Temple   | Became a worshipper of Warmaster Okawaru
  4656 | D:5      | Entered Level 5 of the Dungeon
  4663 | D:5      | Reached skill level 4 in Maces & Flails
  4824 | D:5      | Found a radiant altar of Vehumet.
  4872 | D:5      | Reached skill level 1 in Invocations
  4892 | D:5      | Reached * piety under Okawaru
  5097 | D:5      | Found Becaif's Magic Scroll Shop.
  5297 | D:5      | Reached XP level 8. HP: 51/51 MP: 9/9
  5508 | D:6      | Reached skill level 2 in Invocations
  5560 | D:6      | Noticed Sigmund
  5560 | D:6      | Noticed Blork the orc
  5619 | D:6      | Killed Sigmund
  5620 | D:6      | Reached skill level 6 in Fighting
  5620 | D:6      | Reached skill level 6 in Armour
  5620 | D:6      | Reached skill level 6 in Shields
  5764 | D:6      | Killed Blork the orc
  5765 | D:6      | Reached skill level 5 in Maces & Flails
  6005 | D:6      | Reached skill level 3 in Invocations
  6102 | D:6      | Noticed Maggie
  6104 | D:6      | Paralysed by Maggie for 7 turns
  6114 | D:6      | Reached ** piety under Okawaru
  6117 | D:6      | Paralysed by Maggie for 4 turns
  6128 | D:6      | Paralysed by Maggie for 6 turns
  6146 | D:6      | Paralysed by Maggie for 6 turns
  6153 | D:6      | Killed from afar by Maggie

Vanquished Creatures
  Sigmund (D:6)
  An ogre (D:5)
  A centaur (D:5)
  Blork the orc (D:6)
  2 scorpions (D:6)
  4 wights (D:6)
  A howler monkey (D:5)
  2 hounds (D:5)
  Crazy Yiuf (D:2)
  An orc priest (D:3)
  6 orc wizards
  A centaur skeleton (D:4)
  Jessica (D:3)
  3 iguanas
  3 worker ants
  A hound zombie (D:5)
  8 gnolls
  7 adders
  A howler monkey skeleton (D:4)
  An ufetubus (D:6)
  An ooze (D:6)
  An adder skeleton (D:4)
  4 worms
  2 dart slugs
  2 leopard geckos
  18 orcs
  A bat (D:1)
  A giant cockroach (D:2)
  9 goblins
  6 hobgoblins
  4 jackals (D:5)
  7 kobolds
  A ball python (D:2)
  6 frilled lizards
  A leopard gecko skeleton (D:5)
  A quokka skeleton (D:6)
  6 rats
118 creatures vanquished.

Vanquished Creatures (others)
  A plant (D:3)
1 creature vanquished.

Grand Total: 119 creatures vanquished

Table legend: (Time is in decaauts)
 A = Elapsed time spent in this place.
 B = Non-inter-level travel time spent in this place.
 C = Inter-level travel time spent in this place.
 D = Time resting spent in this place.
 E = Time spent auto-exploring this place.
 F = Levels seen in this place.
 G = Mean time per level.
                   A        B        C        D        E       F      G
               +--------+--------+--------+--------+--------+-----+--------+
         Total |   6332 |   6011 |    321 |    502 |   4050 |   7 |  904.6 |
       Dungeon |   6090 |   5805 |    285 |    502 |   3856 |   6 | 1015.0 |
        Temple |    242 |    206 |     36 |      0 |    194 |   1 |  242.0 |
               +--------+--------+--------+--------+--------+-----+--------+

Top non-repeatable levels by time:
     D:3: 1305 daAuts
     D:2: 1209 daAuts
     D:4: 1017 daAuts
     D:1: 1004 daAuts
     D:5: 872 daAuts
     D:6: 680 daAuts
  Temple: 242 daAuts

Table legend:
 A = Non-vault XP
 B = Vault XP
 C = Vault XP percentage of total XP
 D = Non-vault monster count
 E = Vault monster count
 F = Vault count percentage of total count
                 A         B        C        D         E       F
            +---------+---------+-------+---------+---------+-------
      Total |    1688 |     393 |  18.9 |     113 |       5 |   4.2
            +---------+---------+-------+---------+---------+-------
        D:1 |      67 |       0 |   0.0 |      20 |       0 |   0.0
        D:2 |      64 |      44 |  40.7 |      15 |       1 |   6.2
        D:3 |     131 |      37 |  22.0 |      18 |       1 |   5.3
        D:4 |     305 |       0 |   0.0 |      20 |       0 |   0.0
        D:5 |     605 |       2 |   0.3 |      25 |       1 |   3.8
        D:6 |     516 |     310 |  37.5 |      15 |       2 |  11.8
            +---------+---------+-------+---------+---------+-------
